 Dungeon Crawl Stone Soup version 0.24.1-14-gf8d2b509d9 (webtiles) character file.

Game seed: 14285277450885566960, levelgen mode: deterministic

38 mortelune the Insei (level 3, -1/23 HPs)
             Began as an Octopode Transmuter on May 17, 2020.
             Shot with a stone by a goblin (8 damage)
             ... on level 2 of the Dungeon.
             The game lasted 00:00:58 (1358 turns).

mortelune the Insei (Octopode Transmuter)           Turns: 1358, Time: 00:00:59

Health: -1/23      AC:  1    Str:  9    XL:     3   Next: 43%
Magic:  6/6        EV: 13    Int: 16    God:
Gold:   61         SH:  0    Dex: 12    Spells: 3/6 levels left

rFire    . . .     SeeInvis .     - Unarmed
rCold    . . .     Gourm    .   (no shield)
rNeg     . . .     Faith    .   (helmet restricted)
rPois    .         Spirit   .   (no amulet)
rElec    .         Reflect  .   (no ring)
rCorr    .         Harm     .   (no ring)
MR       .....                  (no ring)
Stlth    ++........             (no ring)
HPRegen  0.07/turn              (no ring)
MPRegen  0.10/turn              (no ring)
                                (no ring)
                                (no ring)

@: no status effects
A: almost no armour, stealthy swim, amphibious, 8 rings, constrict 8, camouflage
1, gelatinous body 1
a: no special abilities


You were on level 2 of the Dungeon.
You were very hungry.

You visited 1 branch of the dungeon, and saw 2 of its levels.

You collected 61 gold pieces.

Inventory:

Missiles
 Q - 12 arrows
Jewellery
 d - an uncursed ring of positive energy {unknown}
Scrolls
 e - a scroll of amnesia {unknown}
Potions
 a - a potion of brilliance {unknown}
 f - a potion of agility {unknown}
Comestibles
 c - a ration


   Skills:
 + Level 1.4 Fighting
 + Level 2.2 Dodging
 + Level 3.2 Unarmed Combat
 * Level 2.4 Spellcasting
 * Level 2.6 Transmutations


You had 3 spell levels left.
You knew the following spells:

 Your Spells              Type           Power        Failure   Level  Hunger
a - Beastly Appendage     Tmut           ##....       7%          1    #......
b - Sticks to Snakes      Tmut           ##......     11%         2    ###....

Your spell library contained the following spells:

 Spells                   Type           Power        Failure   Level  Hunger
 Spider Form              Tmut/Pois      #.........   34%         3    ###....
 Ice Form                 Ice/Tmut       #.......     75%         4    #####..
 Blade Hands              Tmut           ##........   88%         5    ######.


Dungeon Overview and Level Annotations

Branches:
Dungeon (2/15)

Altars:


Innate Abilities, Weirdness & Mutations

You cannot wear most types of armour.
You are very stealthy in the water. (Stealth+)
You are amphibious.
You can wear up to eight rings at the same time.
You can use your tentacles to constrict eight enemies at once.
Your skin changes colour to match your surroundings (Stealth+).
Your rubbery body absorbs attacks. (AC +1, EV +1)


Message History

You start resting.
You feel sick. x3
You are no longer poisoned.
You start resting.
You are feeling very hungry.
You start resting.
HP restored.
You see here an adder skeleton.
A goblin comes into view.
A goblin is nearby!
A goblin comes into view. It is wielding a +0 club.
The goblin shouts!
The goblin wields a +5 hunting sling.
The goblin shoots a stone.
The stone hits you.
You see here a stone.
You are too injured to fight recklessly!
The goblin shoots a stone.
The stone hits you!
You see here a stone.
The goblin shoots a stone.
The stone hits you!
You die...

. .. .... '#... ...
############.#
#........(...# ..
#...g.@.(....# ...
#............##...
#.................
##########รท.......
####.>......
#...........
..........#
#####...........
..........#
#...)..........#
..........#
#....###.......#


You could see a goblin.

Vanquished Creatures
  2 adders (D:2)
  A dart slug (D:1)
  3 goblins (D:1)
  A hobgoblin (D:2)
  3 frilled lizards
  6 kobolds (D:1)
  A quokka skeleton (D:2)
  4 rats
21 creatures vanquished.

Notes
Turn   | Place    | Note
-------+----------+-------------------------------------------
     0 | D:1      | mortelune the Octopode Transmuter began the quest for the
                  | Orb.
     0 | D:1      | Reached XP level 1. HP: 13/13 MP: 3/3
   170 | D:1      | Reached XP level 2. HP: 16/18 MP: 5/5
   611 | D:2      | Learned a level 2 spell: Sticks to Snakes
   727 | D:2      | Reached XP level 3. HP: 16/23 MP: 4/6
  1358 | D:2      | Shot with a stone by a goblin

Levels and vault maps discovered:
D:1:      dpeg_arrival_tiny_k, layout_basic
D:2:      layout_basic, uniq_jessica, uniq_natasha

Action                   || total
-------------------------++-------
Melee: Unarmed           ||    40
       Tentacles         ||     7
       Constrict         ||     9
       Kick              ||     2
       Punch             ||     1
 Cast: Beastly Appendage ||     2
 Stab: Sleeping          ||     4
       Distracted        ||     1
Dodge: Dodged            ||    16
